 Dungeon Crawl Stone Soup version 0.21.0-34-g9234887 (webtiles) character file.

20316 Inarius the Frost Mage (level 12, -2/141 HPs)
             Began as a Grey Draconian Ice Elementalist on Jan 29, 2018.
             Was a High Priest of Nemelex Xobeh.
             Slain by a freezing wraith (6 damage)
             ... in an ice cave.
             The game lasted 01:01:08 (17733 turns).

Inarius the Frost Mage (DrIE)                      Turns: 17733, Time: 01:01:09

Health: -2/141     AC: 26    Str: 10    XL:     12   Next: 44%
Magic:  21/21      EV:  2    Int: 21    God:    Nemelex Xobeh [*****.]
Gold:   484        SH:  0    Dex: 16    Spells: 8/23 levels left

rFire    . . .     SeeInvis .   K - +5 dagger (chaos)
rCold    + . .     Gourm    .   (no shield)
rNeg     + + +     Faith    .   (armour unavailable)
rPois    +         Spirit   .   (helmet currently unavailable)
rElec    .         Reflect  .   (cloak currently unavailable)
rCorr    .         Harm     .   (gloves currently unavailable)
MR       +....     NoTele   +   (boots currently unavailable)
Stlth    +.........             n - amulet of magic regeneration
HPRegen  0.33/turn              k - ring of protection from cold
MPRegen  0.42/turn              i - ring of protection from magic

@: confused, tree-form, slowed, invisible, very slow
A: (walk through water), unfitting armour, agile 2, AC +13
a: Triple Draw, Deal Four, Stack Five, Renounce Religion


You were in an ice cave.
You worshipped Nemelex Xobeh.
Nemelex Xobeh was extremely pleased with you.
You were not hungry.
You were a tree.
You visited 1 branch of the dungeon, and saw 14 of its levels.
You also visited: Ice Cave.

You collected 934 gold pieces.
You spent 450 gold pieces at shops.

Inventory:

Hand Weapons
 m - a +1 short sword of electrocution
 K - a +5 dagger of chaos (weapon)
Armour
 d - a +0 pair of gloves (melded)
 r - a +1 pair of boots (melded)
 z - a +2 hat (melded)
Magical Staves
 a - an uncursed staff of cold
 P - an uncursed staff of poison
Jewellery
 i - a ring of protection from magic (right branch)
 k - a ring of protection from cold (left branch)
 n - an amulet of magic regeneration (around neck)
 w - an uncursed amulet of the gourmand
 A - an uncursed ring of poison resistance
Wands
 f - a wand of disintegration (42)
 L - a wand of digging (21)
 N - a wand of polymorph (5)
Scrolls
 h - 3 scrolls of remove curse
 q - a scroll of summoning {unknown}
 s - 5 scrolls of amnesia
 x - 6 scrolls of teleportation
 y - 3 scrolls of fear
 G - a scroll of immolation
 O - a scroll of fog
Potions
 c - a potion of curing
 e - 2 potions of agility
 l - a potion of might
 o - 3 potions of brilliance
 p - a potion of ambrosia
 t - a potion of mutation
 u - 2 potions of cancellation
 v - a potion of heal wounds {unknown}
 B - a potion of berserk rage {unknown}
 C - a potion of degeneration {unknown}
 E - 3 potions of flight
 F - 2 potions of lignification
Miscellaneous
 j - a plain deck of escape
 D - a plain deck of escape
 Q - an ornate deck of destruction {drawn: 8}
Comestibles
 b - 29 rations


   Skills:
 + Level 5.2 Fighting
 - Level 6.1 Dodging
 - Level 1.7 Stealth
 + Level 6.4 Spellcasting
 + Level 6.7 Conjurations
 + Level 3.8 Charms
 + Level 1.3 Summonings
 + Level 2.2 Necromancy
 * Level 13.4 Ice Magic
 * Level 9.4 Invocations


You had 8 spell levels left.
You knew the following spells:

 Your Spells              Type           Power        Failure   Level  Hunger
a - Freeze                Ice            ####         1%          1    None
b - Ozocubu's Armour      Chrm/Ice       #####...     1%          3    #......
c - Throw Icicle          Conj/Ice       #####...     1%          4    ###....
d - Summon Ice Beast      Ice/Summ       #####...     4%          4    ###....
e - Regeneration          Chrm/Necr      ###.......   9%          3    #......


Dungeon Overview and Level Annotations

Branches:
Dungeon (14/15)            Temple (0/1) D:4            Lair (0/6) D:9
    Orc (0/2) D:10
 Vaults: D:13-14

Altars:
Ashenzari
Cheibriados
Fedhas
Hepliaklqana
Kikubaaqudgha
Makhleb
Nemelex Xobeh
Okawaru
Ru
Sif Muna
Trog
Uskayaw
Zin

Shops:
D:4 *   D:10 :


Innate Abilities, Weirdness & Mutations

((You can walk through water.))
((Your dull iron-grey scales are very hard. (AC +13)))
You cannot fit into any form of body armour.
((You can survive without breathing.))
((You are cold-blooded and may be slowed by cold attacks.))
You are very agile. (Dex +4)


Message History

You feel invigorated.
The freezing wraith hits you but does no damage. x2
The freezing wraith hits you!
* * * LOW HITPOINT WARNING * * *
The freezing wraith freezes you! You resist.
* * * LOW HITPOINT WARNING * * *
The freezing wraith hits you but does no damage.
You cannot move. (Use ctrl+direction to attack without moving.) Unknown command.
Unknown command.
It was a potion of invisibility.
You fade into invisibility!
The freezing wraith hits you but does no damage.
The freezing wraith hits you!
* * * LOW HITPOINT WARNING * * *
The freezing wraith drains your vigour!
You feel as though you will be slow longer.
The freezing wraith hits you.
You die...
Your body glows with a rainbow of weird colours and disappears.

###### ###....##
###...W...#
##...###♣.##
##...###..##
##...###..##
###...###...#
##....## #..##
##### #....##
#...### ###...####
#..###
##....###........##
#...#
##...............##
##.WW#
####.............#


You could see a freezing wraith.

Vanquished Creatures
  3 hydras
  2 two-headed ogres
  An unseen horror (D:12)
  2 orc knights (D:10)
  A deep elf mage (D:13)
  A cyclops (D:10)
  An efreet (D:12)
  2 freezing wraiths (IceCv)
  A troll (D:11)
  A wolf spider simulacrum (IceCv)
  3 hippogriffs
  8 yaks
  3 wyverns
  A steam dragon (D:11)
  2 death yak simulacra (IceCv)
  A human (D:7)
  An acid dragon (D:12)
  2 water moccasins
  The ghost of garbagetei the Firebug, an amateur TeFE (D:4)
  4 orc warriors
  5 sky beasts
  2 black bears
  An ice beast (D:8)
  A phantom (D:8)
  4 ogres
  A boggart (IceCv)
  6 centaurs
  A crocodile (D:8)
  2 big kobolds
  4 bullfrogs
  A wyvern zombie (D:11)
  2 scorpions
  7 killer bees
  7 wights
  4 howler monkeys
  7 electric eels
  5 crimson imps
  2 centaur zombies
  A bullfrog zombie (D:11)
  6 jellies
  A quasit (D:10)
  9 orc priests
  3 hounds
  A centaur skeleton (D:6)
  16 orc wizards
  2 bullfrog skeletons
  Ijyb (D:3)
  5 iguanas
  15 worker ants
  A polar bear simulacrum (IceCv)
  2 killer bee zombies
  A hound skeleton (D:11)
  2 howler monkey zombies
  15 adders
  4 gnolls (D:5)
  5 shadow imps
  A white imp (IceCv)
  An ooze (D:1)
  2 adder zombies
  7 worms
  3 dart slugs
  3 leopard geckos
  52 orcs
  11 bats
  7 giant cockroaches
  6 goblins
  10 hobgoblins
  17 jackals
  5 quokkas
  2 ball pythons
  3 frilled lizards
  22 kobolds
  3 leopard gecko skeletons
  2 quokka skeletons
  6 rats
356 creatures vanquished.

Vanquished Creatures (collateral kills)
  Gastronok (D:8)
  A two-headed ogre (D:13)
  A manticore (D:13)
  2 ugly things
  Psyche (D:7)
  A hippogriff (D:13)
  A shadow (D:12)
  A yak (D:11)
  3 hogs (D:7)
  3 vampire mosquitoes (D:13)
  A hungry ghost (D:13)
  2 orc warriors
  2 ice beasts (IceCv)
  A phantom (D:5)
  A sky beast (D:9)
  A necrophage (D:8)
  3 wights
  A howler monkey (D:13)
  An adder (D:11)
  2 white imps (IceCv)
  2 orcs (D:7)
32 creatures vanquished.

Vanquished Creatures (others)
  A fire bat (IceCv)
  An orc warrior (D:10)
  3 killer bees (D:7)
  3 wights (D:11)
  2 ufetubi (IceCv)
  A worm (IceCv)
  2 ball lightnings
  An orc (D:10)
  A bat (D:3)
15 creatures vanquished.

Grand Total: 403 creatures vanquished

Notes
Turn   | Place    | Note
-------+----------+-------------------------------------------
     0 | D:1      | Inarius the Draconian Ice Elementalist began the quest for the Orb.
     0 | D:1      | Reached XP level 1. HP: 14/14 MP: 3/3
   155 | D:1      | Reached XP level 2. HP: 20/20 MP: 3/5
   481 | D:1      | Reached XP level 3. HP: 20/26 MP: 3/6
   606 | D:1      | Learned a level 3 spell: Ozocubu's Armour
  1033 | D:2      | Reached skill level 4 in Ice Magic
  1115 | D:2      | Reached XP level 4. HP: 33/33 MP: 1/7
  1154 | D:2      | Learned a level 4 spell: Throw Icicle
  1616 | D:2      | Found a sacrificial altar of Ru.
  2005 | D:3      | Noticed Ijyb
  2014 | D:3      | Killed Ijyb
  2178 | D:3      | Reached XP level 5. HP: 37/39 MP: 2/9
  2251 | D:3      | Found a hazy altar of Hepliaklqana.
  2251 | D:3      | Found an iron altar of Okawaru.
  2251 | D:3      | Found an ancient bone altar of Kikubaaqudgha.
  2258 | D:3      | Found a shattered altar of Ashenzari.
  2268 | D:3      | Found a sparkling altar of Nemelex Xobeh.
  2275 | D:3      | Became a worshipper of Nemelex Xobeh the Trickster
  2289 | D:3      | Reached skill level 1 in Fighting
  2345 | D:3      | Received a gift from Nemelex Xobeh
  2456 | D:3      | Reached skill level 5 in Ice Magic
  2806 | D:3      | Found a blossoming altar of Fedhas.
  3084 | D:4      | Reached XP level 6. HP: 40/47 MP: 2/10
  3345 | D:4      | Noticed garbagetei's ghost (amateur TeFE)
  3356 | D:4      | Killed garbagetei's ghost
  3356 | D:4      | Reached skill level 1 in Invocations
  3538 | D:4      | Found Zin's Purification Station.
  3540 | D:4      | Found a glowing silver altar of Zin.
  3552 | D:4      | Reached skill level 6 in Ice Magic
  3556 | D:4      | Your scales start taking on a dull iron-grey colour.
  3556 | D:4      | Reached XP level 7. HP: 40/52 MP: 3/12
  3556 | D:4      | Gained mutation: You can survive without breathing. [Grey Draconian growth]
  3570 | D:4      | Reached * piety under Nemelex Xobeh
  3667 | D:4      | Learned a level 4 spell: Summon Ice Beast
  3675 | D:4      | Found a staircase to the Ecumenical Temple.
  3917 | D:4      | Found a burning altar of Makhleb.
  3917 | D:4      | Noticed a blizzard demon
  4381 | D:5      | Entered Level 5 of the Dungeon
  4383 | D:5      | Received a gift from Nemelex Xobeh
  5594 | D:6      | Reached XP level 8. HP: 49/60 MP: 2/14
  5662 | D:6      | Gained mutation: You are agile. (Dex +2) [potion of mutation]
  5662 | D:6      | Gained mutation: You are very agile. (Dex +4) [potion of mutation]
  5717 | D:6      | Reached ** piety under Nemelex Xobeh
  6424 | D:5      | Reached skill level 1 in Charms
  6424 | D:5      | Reached skill level 7 in Ice Magic
  6734 | D:6      | Received a gift from Nemelex Xobeh
  7279 | D:6      | Found a snail-covered altar of Cheibriados.
  7378 | D:6      | Received a gift from Nemelex Xobeh
  7773 | D:7      | Reached skill level 5 in Spellcasting
  8058 | D:7      | Received a gift from Nemelex Xobeh
  8083 | D:7      | Reached XP level 9. HP: 55/67 MP: 2/16
  8096 | D:7      | Reached skill level 8 in Ice Magic
  8213 | D:7      | Reached skill level 5 in Invocations
  8506 | D:7      | Reached skill level 5 in Dodging
  8674 | D:7      | Received a gift from Nemelex Xobeh
  8889 | D:8      | Noticed Psyche
  8903 | D:7      | Killed Psyche
  9353 | D:8      | Reached *** piety under Nemelex Xobeh
  9405 | D:8      | Reached skill level 9 in Ice Magic
  9485 | D:8      | Noticed Gastronok
  9520 | D:8      | Killed Gastronok
  9520 | D:8      | Reached XP level 10. HP: 64/74 MP: 1/17
  9815 | D:8      | Reached skill level 10 in Ice Magic
 10201 | D:8      | Reached skill level 1 in Summonings
 10360 | D:8      | Found a deep blue altar of Sif Muna.
 10709 | D:9      | Received a gift from Nemelex Xobeh
 10797 | D:9      | Found a staircase to the Lair.
 11079 | D:9      | Found a hide-covered altar of Uskayaw.
 11396 | D:9      | Found a bloodstained altar of Trog.
 11427 | D:10     | Entered Level 10 of the Dungeon
 11624 | D:10     | Found Loack's Book Emporium.
 11669 | D:10     | Reached skill level 11 in Ice Magic
 11777 | D:10     | Bought a book of Necromancy for 450 gold pieces
 11781 | D:10     | Learned a level 3 spell: Regeneration
 11847 | D:10     | Received a gift from Nemelex Xobeh
 11876 | D:10     | Noticed a two-headed ogre
 11882 | D:10     | Killed a two-headed ogre
 12171 | D:10     | Noticed an orc knight
 12172 | D:10     | Found a staircase to the Orcish Mines.
 12644 | D:10     | Noticed an orc knight
 12646 | D:10     | Noticed an orc knight
 12656 | D:10     | Killed an orc knight
 12656 | D:10     | Reached skill level 5 in Conjurations
 12656 | D:10     | Reached XP level 11. HP: 75/83 MP: 1/18
 12796 | D:10     | an orc knight changed into a cyclops
 12999 | D:10     | Killed an orc knight
 13170 | D:10     | Reached **** piety under Nemelex Xobeh
 13755 | D:11     | Received a gift from Nemelex Xobeh
 13999 | D:11     | Reached skill level 12 in Ice Magic
 14033 | D:11     | Reached skill level 1 in Necromancy
 14167 | D:11     | Noticed a green ugly thing
 14186 | D:11     | Killed a purple ugly thing
 14328 | D:11     | Noticed a two-headed ogre
 14335 | D:11     | Killed a two-headed ogre
 15149 | D:12     | Received a gift from Nemelex Xobeh
 15291 | D:12     | Noticed a four-headed hydra
 15339 | D:12     | Noticed a four-headed hydra
 15351 | D:11     | Killed a four-headed hydra
 15469 | D:12     | Noticed a five-headed hydra
 15598 | D:11     | Killed a four-headed hydra
 16323 | D:12     | Killed an unseen horror
 16323 | D:12     | Reached XP level 12. HP: 73/93 MP: 18/20
 16350 | D:12     | Reached ***** piety under Nemelex Xobeh
 16350 | D:12     | Received a gift from Nemelex Xobeh
 16540 | D:12     | Reached skill level 13 in Ice Magic
 16734 | D:12     | Killed a five-headed hydra
 16773 | D:12     | You fall through a shaft for 2 floors!
 16787 | D:14     | Reached skill level 5 in Fighting
 16854 | D:13     | Noticed a two-headed ogre
 16857 | D:13     | Killed a two-headed ogre
 17195 | D:13     | Found a frozen archway.
 17286 | IceCv    | Entered an ice cave
 17732 | IceCv    | HP: 4/141 [freezing wraith (11)]
 17733 | IceCv    | Slain by a freezing wraith

Skill      XL: |  1  2  3  4  5  6  7  8  9 10 11 12 |
---------------+-------------------------------------+-----
Dodging        | 2 3 4 5 6 |  6.1
Ice Magic      | 4 5 6 7 9 11 12 13 | 13.4
Fighting       | 1 2 3 4 5 |  5.2
Spellcasting   | 3 4 5 6 |  6.4
Invocations    | 1 2 4 6 7 8 9 |  9.4
Conjurations   | 2 3 4 5 6 |  6.7
Charms         | 1 2 3 |  3.8
Summonings     | 1 |  1.3
Necromancy     | 1 2 |  2.2
Stealth        | |  1.7

Action                   |  1- 3 |  4- 6 |  7- 9 | 10-12 || total
-------------------------+-------+-------+-------+-------++-------
Melee: Unarmed           |     3 |       |       |       ||     3
       Dagger            |    79 |    90 |    52 |   577 ||   798
       Tailslap          |     7 |     8 |    24 |    81 ||   120
       Short sword       |       |    34 |   186 |     3 ||   223
       Staff             |       |       |       |    25 ||    25
 Cast: Freeze            |    36 |    93 |    42 |    11 ||   182
       Ozocubu's Armour  |       |     2 |    11 |    27 ||    40
       Throw Icicle      |       |       |    50 |   174 ||   224
       Summon Ice Beast  |       |       |     3 |     6 ||     9
       Regeneration      |       |       |       |    23 ||    23
Evoke: Deck              |       |       |    13 |    50 ||    63
       Wand              |       |       |     1 |     3 ||     4
  Use: Scroll            |     3 |     8 |     6 |     7 ||    24
       Potion            |       |     2 |     1 |     6 ||     9
 Stab: Sleeping          |       |     7 |     2 |     1 ||    10
       Petrifying        |       |       |     1 |     1 ||     2
       Paralysed         |       |       |       |     7 ||     7
       Petrified         |       |       |       |     3 ||     3
       Confused          |       |       |       |     3 ||     3
       Distracted        |       |       |       |     1 ||     1
  Eat: Chunk             |     1 |    19 |    34 |    47 ||   101
       Ration            |       |       |       |     2 ||     2
Armor: Skin              |    39 |    67 |   116 |   401 ||   623
Dodge: Dodged            |    69 |   136 |   229 |   624 ||  1058
